PCL
MEXICO CITY CERVECEROS @ SAN JOSE MISSIONS
09/07/2030
 
TOP OF THE 1ST
Mexico City Cerveceros batting - Pitching for San Jose Missions : RHP José Rivera
Pitching: RHP José Rivera
Batting: LHB Rafael Delgado 0-0: Ball
1-0: SINGLE (Groundball, 13S) (infield hit)
Batting: RHB Robinson Pacheco 0-0: Called Strike
0-1: Swinging Strike
0-2: Ball
1-2: Strikes out looking
Batting: LHB Mike Harris 0-0: Ball
1-0: Ball
2-0: Swinging Strike
2-1: Swinging Strike
2-2: Foul Ball, location: 2F
2-2: Ball
3-2: SINGLE (Line Drive, 6MD)
Rafael Delgado to second
Rafael Delgado to third
Batting: LHB Dan Hamilton 0-0: Ball
Mike Harris is caught stealing 2nd base
1-0: Ball
2-0: SINGLE (Line Drive, 89S)
Rafael Delgado scores
Batting: RHB Eliot James 0-0: Called Strike
0-1: Foul Ball, location: 2F
0-2: Foul Ball, location: 2F
0-2: Strikes out swinging
Top of the 1st over - 1 run, 3 hits, 0 errors, 1 left on base; Mexico City 1 - San Jose 0
BOTTOM OF THE 1ST
San Jose Missions batting - Pitching for Mexico City Cerveceros : RHP Li-cong Sima
Pitching: RHP Li-cong Sima
Batting: RHB Chase Mueller 0-0: Ground out 4-3 (Groundball, 4)
Batting: RHB Jesús Cruz 0-0: Called Strike
0-1: Swinging Strike
0-2: Ball
1-2: Strikes out looking
Batting: LHB Weston Chaney 0-0: Ball
1-0: Ball
2-0: Swinging Strike
2-1: Foul Ball, location: 2F
2-2: Ground out 6-3 (Groundball, 6)
Bottom of the 1st over - 0 runs, 0 hits, 0 errors, 0 left on base; Mexico City 1 - San Jose 0
TOP OF THE 2ND
Mexico City Cerveceros batting - Pitching for San Jose Missions : RHP José Rivera
Batting: LHB Gary Kern 0-0: Ball
1-0: Ball
2-0: Ball
3-0: Called Strike
3-1: Swinging Strike
3-2: Base on Balls
Batting: RHB Mitchell Pate 0-0: Called Strike
0-1: Swinging Strike
0-2: Ball
1-2: Strikes out swinging
Batting: RHB Henning Huisman 0-0: Foul Ball, location: 2F
0-1: Foul Ball, location: 2F
0-2: Ball
1-2: Ball
2-2: 2-RUN HOME RUN (Flyball, 7LD), Distance : 361 ft
Batting: RHB Ricardo Remedios 0-0: Ball
1-0: Swinging Strike
1-1: Called Strike
1-2: Strikes out swinging
Batting: LHB Rafael Delgado 0-0: Ball
1-0: Called Strike
1-1: Bunt - Flyout! F1
Top of the 2nd over - 2 runs, 1 hit, 0 errors, 0 left on base; Mexico City 3 - San Jose 0
BOTTOM OF THE 2ND
San Jose Missions batting - Pitching for Mexico City Cerveceros : RHP Li-cong Sima
Batting: SHB Ángel González 0-0: Fly out, F4 (Popup, 34)
Batting: LHB Frank Geddes 0-0: Swinging Strike
0-1: Called Strike
0-2: Foul Ball, location: 2F
0-2: Strikes out swinging
Batting: RHB Jorge Díaz 0-0: Ball
1-0: Ball
2-0: SINGLE (Line Drive, 6)
Batting: RHB Irwin Duncan 0-0: Reached on error, E4 (Flyball, 34D)
Jorge Díaz to second
Batting: RHB Alberto Ramos 0-0: Ball
1-0: Ball
2-0: Ball
3-0: Base on Balls
Jorge Díaz to third
Irwin Duncan to second
Batting: RHB David Crespo 0-0: Ball
1-0: Foul Ball, location: 2F
1-1: Ball
2-1: Foul Ball, location: 2F
2-2: Ball
3-2: Fly out, F8 (Flyball, 8RS)
Bottom of the 2nd over - 0 runs, 1 hit, 1 error, 3 left on base; Mexico City 3 - San Jose 0
TOP OF THE 3RD
Mexico City Cerveceros batting - Pitching for San Jose Missions : RHP José Rivera
Batting: RHB Robinson Pacheco 0-0: Ground out 5-3 (Groundball, 5L)
Batting: LHB Mike Harris 0-0: Swinging Strike
0-1: Foul Ball, location: 2F
0-2: SINGLE (Line Drive, 4MD)
Batting: LHB Dan Hamilton 0-0: Ball
Mike Harris is caught stealing 2nd base
1-0: SINGLE (Flyball, 7S)
Batting: RHB Eliot James 0-0: Ball
1-0: Called Strike
1-1: Called Strike
1-2: Strikes out swinging
Top of the 3rd over - 0 runs, 2 hits, 0 errors, 1 left on base; Mexico City 3 - San Jose 0
BOTTOM OF THE 3RD
San Jose Missions batting - Pitching for Mexico City Cerveceros : RHP Li-cong Sima
Batting: RHB Chase Mueller 0-0: Ground out 5-3 (Groundball, 56)
Batting: RHB Jesús Cruz 0-0: SINGLE (Flyball, 7LS)
Batting: LHB Weston Chaney 0-0: Ball
1-0: Ball
2-0: Called Strike
2-1: Foul Ball, location: 2F
2-2: Strikes out swinging
Jesús Cruz steals 2nd base
Batter strikes out.
Batting: SHB Ángel González 0-0: Called Strike
0-1: Swinging Strike
0-2: Ball
1-2: Fly out, F7 (Flyball, 78M)
Bottom of the 3rd over - 0 runs, 1 hit, 0 errors, 1 left on base; Mexico City 3 - San Jose 0
TOP OF THE 4TH
Mexico City Cerveceros batting - Pitching for San Jose Missions : RHP José Rivera
Batting: LHB Gary Kern 0-0: Swinging Strike
0-1: Ball
1-1: Ball
2-1: Foul Ball, location: 2F
2-2: SINGLE (Line Drive, 7LM)
Batting: RHB Mitchell Pate 0-0: Called Strike
0-1: Called Strike
0-2: Strikes out looking
Batting: RHB Henning Huisman 0-0: Ball
1-0: Ball
2-0: Ball
3-0: Foul Ball, location: 2F
3-1: Called Strike
3-2: Strikes out swinging
Batting: RHB Ricardo Remedios 0-0: Fly out, F7 (Line Drive, 7LD)
Top of the 4th over - 0 runs, 1 hit, 0 errors, 1 left on base; Mexico City 3 - San Jose 0
BOTTOM OF THE 4TH
San Jose Missions batting - Pitching for Mexico City Cerveceros : RHP Li-cong Sima
Batting: LHB Frank Geddes 0-0: Foul Ball, location: 2F
0-1: Ball
1-1: Foul Ball, location: 2F
1-2: Ball
2-2: Strikes out swinging
Batting: RHB Jorge Díaz 0-0: Called Strike
0-1: Ball
1-1: Foul Ball, location: 2F
1-2: Ball
2-2: Ball
3-2: Strikes out swinging
Batting: RHB Irwin Duncan 0-0: Ball
1-0: Swinging Strike
1-1: Ball
2-1: SINGLE (Groundball, 34D)
Batting: RHB Alberto Ramos 0-0: Swinging Strike
0-1: Ball
1-1: Ball
2-1: Called Strike
2-2: Foul Ball, location: 2F
2-2: Ball
3-2: Foul Ball, location: 2F
3-2: Foul Ball, location: 2F
3-2: SINGLE (Line Drive, 9LS)
Irwin Duncan to second
Irwin Duncan to third
Batting: RHB David Crespo 0-0: Ball
1-0: Foul Ball, location: 2F
1-1: Ball
2-1: Ball
3-1: Swinging Strike
3-2: Foul Ball, location: 2F
3-2: Foul Ball, location: 2F
3-2: Reached on error, E5 (Groundball, 56)
Irwin Duncan scores
Alberto Ramos to third
Batting: RHB Chase Mueller 0-0: Ball
1-0: Called Strike
1-1: Ball
2-1: Ball
3-1: Fly out, F7 (Flyball, 7LM)
Bottom of the 4th over - 1 run, 2 hits, 1 error, 2 left on base; Mexico City 3 - San Jose 1
TOP OF THE 5TH
Mexico City Cerveceros batting - Pitching for San Jose Missions : RHP José Rivera
Batting: LHB Rafael Delgado 0-0: Called Strike
0-1: Ball
1-1: Ball
2-1: Foul Ball, location: 2F
2-2: Ball
3-2: Base on Balls
Batting: RHB Robinson Pacheco 0-0: Called Strike
0-1: Ball
1-1: Foul Ball, location: 2F
1-2: Foul Ball, location: 2F
1-2: Ball
2-2: SINGLE (Groundball, 3D)
Rafael Delgado to second
Runner from 2nd tries for 3rd, OUT!
Batting: LHB Mike Harris 0-0: Called Strike
0-1: Called Strike
0-2: Ball
1-2: Ball
2-2: Foul Ball, location: 2F
2-2: Foul Ball, location: 2F
2-2: Foul Ball, location: 2F
2-2: Strikes out swinging
Pitching: RHP Jesús Zapata
Batting: LHB Dan Hamilton 0-0: Called Strike
0-1: Swinging Strike
0-2: Fly out, F7 (Flyball, 7S)
Top of the 5th over - 0 runs, 1 hit, 0 errors, 1 left on base; Mexico City 3 - San Jose 1
BOTTOM OF THE 5TH
San Jose Missions batting - Pitching for Mexico City Cerveceros : RHP Li-cong Sima
Batting: RHB Jesús Cruz 0-0: Fly out, F5 (Popup, 56)
Batting: LHB Weston Chaney 0-0: Called Strike
0-1: Foul Ball, location: 2F
0-2: Fly out, F8 (Flyball, 8RS)
Batting: SHB Ángel González 0-0: SINGLE (Flyball, 7LM)
Batting: LHB Frank Geddes 0-0: Ball
1-0: Ball
2-0: Ball
3-0: Base on Balls
Ángel González to second
Batting: RHB Jorge Díaz 0-0: Ball
1-0: Swinging Strike
1-1: Ball
2-1: Swinging Strike
2-2: Fly out, F6 (Line Drive, 6)
Bottom of the 5th over - 0 runs, 1 hit, 0 errors, 2 left on base; Mexico City 3 - San Jose 1
TOP OF THE 6TH
Mexico City Cerveceros batting - Pitching for San Jose Missions : RHP Jesús Zapata
Batting: RHB Eliot James 0-0: Ground out 4-3 (Groundball, 4)
Batting: LHB Gary Kern 0-0: Ball
1-0: Called Strike
1-1: Ball
2-1: Ball
3-1: Base on Balls
Batting: RHB Mitchell Pate 0-0: Fly out, F5 (Line Drive, 56)
Batting: RHB Henning Huisman 0-0: Ground out 6-3 (Groundball, 6S)
Top of the 6th over - 0 runs, 0 hits, 0 errors, 1 left on base; Mexico City 3 - San Jose 1
BOTTOM OF THE 6TH
San Jose Missions batting - Pitching for Mexico City Cerveceros : RHP Li-cong Sima
Batting: RHB Irwin Duncan 0-0: SINGLE (Flyball, 89M)
Batting: RHB Alberto Ramos 0-0: Called Strike
0-1: Ball
1-1: Fly out, F9 (Flyball, 9LSF)
Batting: RHB David Crespo 0-0: Foul Ball, location: 2F
0-1: Ball
1-1: Fielders Choice at 2nd, 6-4 (Groundball, 56)
Batting: RHB Chase Mueller 0-0: Ball
1-0: Called Strike
1-1: Ball
2-1: Reached via error on a dropped throw, E3
David Crespo to second
Batting: RHB Jesús Cruz 0-0: SINGLE (Line Drive, 78S)
David Crespo to third
Chase Mueller to second
Runner from 3rd tries for Home, throw and OUT!
Bottom of the 6th over - 0 runs, 2 hits, 1 error, 2 left on base; Mexico City 3 - San Jose 1
TOP OF THE 7TH
Mexico City Cerveceros batting - Pitching for San Jose Missions : RHP Jesús Zapata
Batting: RHB Ricardo Remedios 0-0: Called Strike
0-1: Foul Ball, location: 2F
0-2: Ball
1-2: Strikes out swinging
Batting: LHB Rafael Delgado 0-0: Called Strike
0-1: Swinging Strike
0-2: Ball
1-2: Foul Ball, location: 2F
1-2: Ball
2-2: Strikes out looking
Batting: RHB Robinson Pacheco 0-0: Ball
1-0: Ball
2-0: Fly out, F8 (Flyball, 8LD)
Top of the 7th over - 0 runs, 0 hits, 0 errors, 0 left on base; Mexico City 3 - San Jose 1
BOTTOM OF THE 7TH
San Jose Missions batting - Pitching for Mexico City Cerveceros : RHP Li-cong Sima
Batting: LHB Weston Chaney 0-0: Foul Ball, location: 2F
0-1: Ball
1-1: Ball
2-1: Foul Ball, location: 2F
2-2: Foul Ball, location: 2F
2-2: Ground out 6-3 (Groundball, 6)
Batting: SHB Ángel González 0-0: Ball
1-0: Foul Ball, location: 2F
1-1: Ball
2-1: Ground out 6-3 (Groundball, 6)
Batting: LHB Frank Geddes 0-0: Foul Ball, location: 2F
0-1: Fly out, F8 (Flyball, 8RD)
Bottom of the 7th over - 0 runs, 0 hits, 0 errors, 0 left on base; Mexico City 3 - San Jose 1
TOP OF THE 8TH
Mexico City Cerveceros batting - Pitching for San Jose Missions : RHP Jesús Zapata
Batting: LHB Mike Harris 0-0: Ball
1-0: Ground out 1-3 (Groundball, 13)
Batting: LHB Dan Hamilton 0-0: Ball
1-0: Foul Ball, location: 2F
1-1: SINGLE (Line Drive, 9LS)
Batting: RHB Eliot James 0-0: Ball
Wild Pitch!
Dan Hamilton to second
1-0: Called Strike
Dan Hamilton steals 3rd base
1-1: Ball
2-1: Fly out, F8 (Flyball, 8LM)
Runner from 3rd tags up, SCORES, throw made
Batting: LHB Gary Kern 0-0: Called Strike
0-1: Swinging Strike
0-2: Ball
1-2: Ball
2-2: SINGLE (Groundball, 56D)
Batting: RHB Mitchell Pate 0-0: Ball
1-0: Ball
2-0: Fly out, F7 (Flyball, 7S)
Top of the 8th over - 1 run, 2 hits, 0 errors, 1 left on base; Mexico City 4 - San Jose 1
BOTTOM OF THE 8TH
San Jose Missions batting - Pitching for Mexico City Cerveceros : RHP Li-cong Sima
Pitching: RHP George Lockhart
Batting: RHB Jorge Díaz 0-0: Called Strike
0-1: Ball
1-1: Ball
2-1: Fly out, F4 (Line Drive, 4)
Batting: RHB Irwin Duncan 0-0: Called Strike
0-1: Foul Ball, location: 2F
0-2: Ball
1-2: Ball
2-2: Strikes out swinging
Batting: RHB Alberto Ramos 0-0: Ball
1-0: Ball
2-0: Swinging Strike
2-1: Foul Ball, location: 2F
2-2: Strikes out swinging
Bottom of the 8th over - 0 runs, 0 hits, 0 errors, 0 left on base; Mexico City 4 - San Jose 1
TOP OF THE 9TH
Mexico City Cerveceros batting - Pitching for San Jose Missions : RHP Jesús Zapata
Pitching: RHP Terry Adams
Batting: RHB Henning Huisman 0-0: Foul Ball, location: 2F
0-1: Ground out 3-1 (Groundball, 34)
Batting: RHB Ricardo Remedios 0-0: Called Strike
0-1: Swinging Strike
0-2: Ball
1-2: Strikes out swinging
Batting: LHB Rafael Delgado 0-0: Bunt missed!
0-1: Called Strike
0-2: Foul Ball, location: 2F
0-2: Ball
1-2: Strikes out swinging
Top of the 9th over - 0 runs, 0 hits, 0 errors, 0 left on base; Mexico City 4 - San Jose 1
BOTTOM OF THE 9TH
San Jose Missions batting - Pitching for Mexico City Cerveceros : RHP George Lockhart
Pitching: RHP Doug Singleton
Batting: RHB David Crespo 0-0: Ball
1-0: Called Strike
1-1: Ground out 6-3 (Groundball, 6)
Pitching: RHP Manuel Zarate
Batting: RHB Chase Mueller 0-0: Ground out 4-3 (Groundball, 34)
Batting: RHB Jesús Cruz 0-0: Ball
1-0: Swinging Strike
1-1: Foul Ball, location: 2F
1-2: Ground out 6-3 (Groundball, 6)
Bottom of the 9th over - 0 runs, 0 hits, 0 errors, 0 left on base; Mexico City 4 - San Jose 1
Saturday, April 7th, 2018 - OOTP Baseball 18.8 Build 76